 Dungeon Crawl Stone Soup version 0.31-a0-810-ga77100ea1a (webtiles) character file.

Game seed: 236240633676582550

5 lunkers the Poker (level 2, 0/24 HPs)
             Began as a Meteoran Wanderer on Sept 21, 2023.
             Slain by a jackal (1 damage)
             ... on level 1 of the Dungeon.
             The game lasted 00:00:28 (104 turns).

lunkers the Poker (Meteoran Wanderer)                Turns: 104, Time: 00:00:29

Health: 0/24       AC:  3    Str: 14    XL:     2   Next: 5%
Magic:  3/3        EV: 11    Int: 10    God:
Gold:   21         SH:  0    Dex: 15    Spells: 1/1 levels left

rFire   . . .        a - +0 spear
rCold   . . .        (no shield)
rNeg    . . .        f - +0 leather armour
rPois   .            (no helmet)
rElec   .            (no cloak)
rCorr   .            (no gloves)
SInv    .            (no boots)
Will    .....        (no amulet)
Stlth   +            (no ring)
HPRegen 0.24/turn    (no ring)
MPRegen 0.08/turn

%: no passive effects
@: glowing
A: sense surroundings 1, otherworldly, glowing, explore regen
a: no special abilities


You were on level 1 of the Dungeon.
You visited 1 branch of the dungeon, and saw 1 of its levels.

You collected 21 gold pieces.

Inventory:

Hand Weapons
 a - a +0 spear (weapon)
Armour
 f - a +0 leather armour (worn)
Wands
 d - a wand of polymorph (7)
Scrolls
 e - a scroll of vulnerability
 g - a scroll of teleportation {unknown}
 h - a scroll of revelation {unknown}
Potions
 b - a potion of berserk rage
 c - a potion of might
 i - a potion of lignification {unknown}


   Skills:
 - Level 2.1 Fighting
 + Level 5.2 Polearms
 - Level 3.6 Unarmed Combat
 - Level 1.2 Evocations


You had one spell level left.
You didn't know any spells.
Your spell library was empty.

Dungeon Overview and Level Annotations

Branches:
Dungeon (1/15) Zot: 498

Altars:


Innate Abilities, Weirdness & Mutations

You passively map a small area around you.
You are easily found by Zot.
You glow in the dark.
You regain HP and MP as you explore.


Message History

* * * LOW HITPOINT WARNING * * *
You have reached level 2!
Reach: a) +0 spear
Press: ? - help, Dir - move target, f - hobgoblin
Aim: a hobgoblin (about 36% to evade your +0 spear)
You hit the hobgoblin but do no damage.
The jackal bites you but does no damage.
The jackal bites you.
* * * LOW HITPOINT WARNING * * *
Unknown command.
Reach: a) +0 spear
Press: ? - help, Dir - move target, f/p - hobgoblin
Aim: a hobgoblin (about 36% to evade your +0 spear)
You hit the hobgoblin.
The hobgoblin is moderately wounded.
The jackal closely misses you. The hobgoblin misses you.
The jackal closely misses you.
A rat comes into view.
The jackal bites you but does no damage.
Unknown command.
Unknown command.
Reach: a) +0 spear
Press: ? - help, Dir - move target, f/p - hobgoblin
Aim: a hobgoblin (moderately wounded, about 36% to evade your +0 spear)
You hit the hobgoblin but do no damage.
The hobgoblin is moderately wounded.
The jackal bites you but does no damage.
The hobgoblin closely misses you. The jackal bites you.
* * * LOW HITPOINT WARNING * * *
The jackal bites you but does no damage.
Unknown command.
Reach: a) +0 spear
Press: ? - help, Dir - move target, f/p - hobgoblin
Aim: a hobgoblin (moderately wounded, about 36% to evade your +0 spear)
You hit the hobgoblin but do no damage.
The hobgoblin is moderately wounded.
The hobgoblin misses you.
A rat comes into view.
The jackal bites you.
You die...

, ....(........ *
r.............#,
.......r....J.# .r.#
.......... * #..#
.r....... ,
#..####†....... *
#..##.l.[...... , ,
#g.##....[..... *
#@###..........
#####hh...#).......
###...rg##..#........
#.....#l...##........
.#...#..##..........
* #.........########.
#......#### *
#....#.# #...##.#


You could see 2 jackals, a hobgoblin, a goblin, a frilled lizard and 3 rats.

Vanquished Creatures
  An endoplasm (D:1)
  2 jackals (D:1)
  A quokka (D:1)
4 creatures vanquished.

Notes
Turn   | Place    | Note
-------+----------+-------------------------------------------
     0 | D:1      | lunkers the Meteoran Wanderer began the quest for the Orb.
     0 | D:1      | lunkers set off with the following items: a +0 spear, a
                  | potion of berserk rage, a potion of might, a wand of
                  | polymorph (7), a scroll of vulnerability, a +0 leather
                  | armour.
     0 | D:1      | Reached XP level 1. HP: 17/17 MP: 2/2
    90 | D:1      | Reached skill level 5 in Polearms
   101 | D:1      | Reached XP level 2. HP: 3/24 MP: 3/3
   101 | D:1      | HP: 1/24 [jackal (2)]
   104 | D:1      | Slain by a jackal

Illustrated notes

Levels and vault maps discovered:
D:1:      eino_arrival_cavern_e, layout_rooms, minmay_misc_feat_room

Skill      XL: |  1 |
---------------+----+-----
Polearms       | 5 |  5.2
Fighting       | |  2.1
Unarmed Combat | |  3.6
Evocations     | |  1.2

Action                     || total
---------------------------++-------
  Melee: Spear             ||    26
         Punch             ||     1
 Armour: Leather armour    ||    30
  Dodge: Dodged            ||    35

Table legend: (Time is in decaauts)
 A = Elapsed time spent in this place.
 B = Non-inter-level travel time spent in this place.
 C = Inter-level travel time spent in this place.
 D = Time resting spent in this place.
 E = Time spent auto-exploring this place.
 F = Levels seen in this place.
 G = Mean time per level.
                   A        B        C        D        E       F      G
               +--------+--------+--------+--------+--------+-----+--------+
         Total |    100 |    100 |      0 |      0 |     65 |   1 |  100.0 |
       Dungeon |    100 |    100 |      0 |      0 |     65 |   1 |  100.0 |
               +--------+--------+--------+--------+--------+-----+--------+

Top non-repeatable levels by time:
     D:1: 100 daAuts
